2813 views
Uploaded 2020-02-13 18:47:17
Game version 1.32 / 1.32.1
14:04 long 4on4 ladder game on (8)GolemsInTheMist_LV
Saved by TALONSARIMBA
2813 views
Uploaded 2020-02-13 18:47:17
Game version 1.32 / 1.32.1
14:04 long 4on4 ladder game on (8)GolemsInTheMist_LV

117 units @ 14.8k
/ 1.6k
70 buildings @ 8.6k
/ 3.4k


| Lesser Clarity Potion | 3 | 210 |
| Potion of Mana | 2 | 400 |
| Scroll of Regeneration | 1 | 100 |
| Scroll of Town Portal | 1 | 350 |
| Potion of Lesser Invulnerability | 1 | 150 |
| total: | 8 | 1210g |
| Peasant | 11 | 825 | / | 0 |
| Rifleman | 11 | 2255 | / | 330 |
| Priest | 3 | 405 | / | 30 |
| total: | 25 | 3485g | / | 360w |
| Scout Tower | 1 | 30 | / | 20 |
| Arcane Tower | 1 | 70 | / | 50 |
| Farm | 5 | 400 | / | 100 |
| Blacksmith | 1 | 140 | / | 60 |
| Barracks | 2 | 320 | / | 120 |
| Altar of Kings | 1 | 180 | / | 50 |
| Arcane Vault | 1 | 130 | / | 30 |
| Lumber Mill | 1 | 120 | / | 0 |
| Arcane Sanctum | 1 | 150 | / | 140 |
| Keep | 1 | 320 | / | 210 |
| Castle | 1 | 360 | / | 210 |
| total: | 13 | 1470g | / | 520w |
| 0:03 | Peasant |
| 0:03 | Peasant |
| 0:19 | Farm |
| 0:26 | Peasant |
| 0:26 | Peasant |
| 0:41 | Peasant |
| 0:49 | Blacksmith |
| 0:51 | Barracks |
| 0:54 | Peasant |
| 0:56 | Farm |
| 1:00 | Peasant |
| 1:39 | Peasant |
| 1:50 | Altar of Kings |
| 2:02 | Peasant |
| 2:04 | Rifleman |
| 2:14 | Rifleman |
| 2:22 | Farm |
| 2:40 | Farm |
| 2:44 | Rifleman |
| 3:11 | Rifleman |
| 3:13 | Peasant |
| 3:25 | Peasant |
| 3:52 | Scout Tower |
| 3:54 | Rifleman |
| 4:02 | Holy Light |
| 4:14 | Black Gunpowder |
| 4:18 | Arcane Tower |
| 4:25 | Arcane Vault |
| 5:14 | Rifleman |
| 5:28 | Keep |
| 5:30 | Barracks |
| 5:35 | Studded Leather Armor |
| 6:01 | Rifleman |
| 6:04 | Lesser Clarity Potion |
| 6:28 | Rifleman |
| 6:40 | Rifleman |
| 6:58 | Devotion Aura |
| 7:43 | Holy Light |
| 8:04 | Refined Gunpowder |
| 8:13 | Farm |
| 8:15 | Potion of Mana |
| 8:15 | Lesser Clarity Potion |
| 8:19 | Castle |
| 8:29 | Lumber Mill |
| 8:35 | Potion of Mana |
| 8:39 | Scroll of Town Portal |
| 8:50 | Long Rifles |
| 9:25 | Reinforced Leather Armor |
| 9:51 | Potion of Lesser Invulnerability |
| 10:54 | Arcane Sanctum |
| 10:58 | Improved Lumber Harvesting |
| 11:49 | Storm Bolt |
| 12:43 | Divine Shield |
| 13:13 | Rifleman |
| 13:13 | Rifleman |
| 13:16 | Thunder Clap |
| 13:23 | Scroll of Regeneration |
| 13:37 | Lesser Clarity Potion |
| 13:46 | Priest |
| 13:46 | Priest |
| 13:46 | Priest |
| 13:47 | Priest Adept Training |
| 13:48 | Imbued Gunpowder |
| Right click | 924 |
| Select group | 247 |
| Select | 223 |
| Build/train/purchase | 95 |
| Misc. action | 91 |
| Assign group | 23 |
| Use ability | 22 |
| Chat | 7 |
| Item give/drop | 2 |
| Esc | 1 |
| Minimap ping | 1 |


| Peasant | 12 | 900 | / | 0 |
| Footman | 6 | 810 | / | 0 |
| Rifleman | 8 | 1640 | / | 240 |
| Forest Troll Shadow Priest | 1 | 195 | / | 10 |
| Forest Troll Berserker | 1 | 245 | / | 30 |
| total: | 28 | 3790g | / | 280w |
| Scout Tower | 15 | 450 | / | 300 |
| Guard Tower | 11 | 770 | / | 550 |
| Arcane Tower | 1 | 70 | / | 50 |
| Lumber Mill | 1 | 120 | / | 0 |
| Altar of Kings | 1 | 180 | / | 50 |
| Farm | 10 | 800 | / | 200 |
| Barracks | 1 | 160 | / | 60 |
| Blacksmith | 1 | 140 | / | 60 |
| Town Hall | 1 | 385 | / | 205 |
| Keep | 1 | 320 | / | 210 |
| Castle | 1 | 360 | / | 210 |
| total: | 30 | 2235g | / | 875w |
| 0:05 | Peasant |
| 0:05 | Peasant |
| 0:05 | Peasant |
| 0:05 | Peasant |
| 0:06 | Peasant |
| 0:06 | Peasant |
| 0:26 | Lumber Mill |
| 0:38 | Altar of Kings |
| 0:59 | Farm |
| 1:08 | Farm |
| 1:09 | Farm |
| 1:10 | Farm |
| 1:11 | Farm |
| 1:22 | Peasant |
| 1:32 | Peasant |
| 1:35 | Peasant |
| 2:18 | Improved Masonry |
| 2:43 | Keep |
| 2:56 | Barracks |
| 3:12 | Farm |
| 3:13 | Farm |
| 3:14 | Farm |
| 3:16 | Farm |
| 3:17 | Farm |
| 3:47 | Summon Water Elemental |
| 3:54 | Footman |
| 3:57 | Footman |
| 4:00 | Footman |
| 4:19 | Scout Tower |
| 4:22 | Scout Tower |
| 4:27 | Scout Tower |
| 4:28 | Scout Tower |
| 4:34 | Footman |
| 5:14 | Guard Tower |
| 5:15 | Improved Lumber Harvesting |
| 5:18 | Advanced Masonry |
| 5:21 | Guard Tower |
| 5:35 | Footman |
| 5:36 | Footman |
| 5:44 | Blacksmith |
| 6:10 | Forest Troll Shadow Priest |
| 6:26 | Brilliance Aura |
| 6:36 | Forest Troll Berserker |
| 6:52 | Summon Water Elemental |
| 7:13 | Guard Tower |
| 8:07 | Town Hall |
| 8:18 | Long Rifles |
| 8:19 | Rifleman |
| 8:47 | Scout Tower |
| 8:49 | Scout Tower |
| 8:51 | Scout Tower |
| 8:54 | Scout Tower |
| 8:55 | Scout Tower |
| 8:57 | Scout Tower |
| 8:58 | Scout Tower |
| 9:03 | Scout Tower |
| 9:05 | Scout Tower |
| 9:09 | Scout Tower |
| 9:12 | Scout Tower |
| 9:20 | Rifleman |
| 9:26 | Rifleman |
| 9:34 | Divine Shield |
| 9:54 | Arcane Tower |
| 9:56 | Guard Tower |
| 10:13 | Guard Tower |
| 10:15 | Guard Tower |
| 10:26 | Guard Tower |
| 10:38 | Guard Tower |
| 10:41 | Guard Tower |
| 10:54 | Peasant |
| 10:55 | Peasant |
| 11:04 | Guard Tower |
| 11:32 | Black Gunpowder |
| 11:33 | Iron Plating |
| 11:35 | Iron Forged Swords |
| 12:40 | Holy Light |
| 12:46 | Brilliance Aura |
| 12:52 | Peasant |
| 12:57 | Castle |
| 13:00 | Rifleman |
| 13:00 | Rifleman |
| 13:00 | Rifleman |
| 13:00 | Rifleman |
| 13:01 | Rifleman |
| Right click | 119 |
| Select | 108 |
| Build/train/purchase | 67 |
| Select group | 58 |
| Assign group | 17 |
| Chat | 4 |


| Lesser Clarity Potion | 2 | 140 |
| Scroll of Town Portal | 1 | 350 |
| total: | 3 | 490g |
| Wisp | 16 | 960 | / | 0 |
| Archer | 7 | 910 | / | 70 |
| Dryad | 5 | 725 | / | 300 |
| Mountain Giant | 1 | 350 | / | 100 |
| Goblin Shredder | 1 | 375 | / | 100 |
| total: | 30 | 3320g | / | 570w |
| Altar of Elders | 1 | 180 | / | 50 |
| Moon Well | 5 | 900 | / | 200 |
| Ancient of War | 1 | 150 | / | 60 |
| Tree of Life | 2 | 680 | / | 370 |
| Hunter's Hall | 1 | 210 | / | 100 |
| Ancient of Wonders | 1 | 90 | / | 30 |
| Ancient of Lore | 2 | 310 | / | 290 |
| Tree of Ages | 1 | 320 | / | 180 |
| Tree of Eternity | 1 | 330 | / | 200 |
| total: | 13 | 2520g | / | 1100w |
| 0:12 | Altar of Elders |
| 0:13 | Moon Well |
| 0:14 | Wisp |
| 0:29 | Ancient of War |
| 0:33 | Wisp |
| 0:47 | Wisp |
| 1:02 | Wisp |
| 1:10 | Wisp |
| 1:29 | Wisp |
| 1:32 | Archer |
| 1:45 | Wisp |
| 1:47 | Moon Well |
| 1:56 | Archer |
| 2:13 | Force of Nature |
| 2:49 | Archer |
| 2:50 | Archer |
| 3:09 | Tree of Life |
| 3:14 | Wisp |
| 3:29 | Tree of Life |
| 3:34 | Archer |
| 3:36 | Wisp |
| 3:45 | Entangling Roots |
| 4:02 | Tree of Ages |
| 4:19 | Moon Well |
| 4:47 | Hunter's Hall |
| 4:53 | Ancient of Wonders |
| 5:16 | Archer |
| 5:37 | Entangling Roots |
| 5:46 | Wisp |
| 5:46 | Wisp |
| 5:46 | Wisp |
| 5:46 | Wisp |
| 5:47 | Wisp |
| 6:05 | Goblin Shredder |
| 6:23 | Wisp |
| 6:23 | Wisp |
| 6:37 | Archer |
| 7:04 | Ancient of Lore |
| 7:06 | Ancient of Lore |
| 7:26 | Lesser Clarity Potion |
| 7:36 | Tree of Eternity |
| 7:42 | Trueshot Aura |
| 8:06 | Moon Well |
| 8:34 | Dryad |
| 8:47 | Lesser Clarity Potion |
| 8:49 | Scroll of Town Portal |
| 8:52 | Strength of the Wild |
| 9:04 | Moon Well |
| 9:08 | Dryad |
| 9:41 | Dryad |
| 10:19 | Force of Nature |
| 10:35 | Hardened Skin |
| 10:35 | Resistant Skin |
| 10:50 | Improved Strength of the Wild |
| 11:48 | Mountain Giant |
| 12:33 | Dryad |
| 12:45 | Searing Arrows |
| 13:37 | Dryad |
| Right click | 909 |
| Select | 469 |
| Select group | 350 |
| Misc. action | 160 |
| Chat | 128 |
| Build/train/purchase | 55 |
| Use ability | 31 |
| Assign group | 20 |
| Item give/drop | 1 |
| Minimap ping | 1 |


| Wisp | 14 | 840 | / | 0 |
| Archer | 7 | 910 | / | 70 |
| Huntress | 5 | 975 | / | 100 |
| Hippogryph | 7 | 1120 | / | 140 |
| Goblin Shredder | 1 | 375 | / | 100 |
| total: | 34 | 4220g | / | 410w |
| Ancient Protector | 1 | 135 | / | 80 |
| Moon Well | 7 | 1260 | / | 280 |
| Altar of Elders | 1 | 180 | / | 50 |
| Ancient of War | 1 | 150 | / | 60 |
| Hunter's Hall | 1 | 210 | / | 100 |
| Ancient of Wonders | 1 | 90 | / | 30 |
| Ancient of Wind | 1 | 150 | / | 140 |
| Ancient of Lore | 1 | 155 | / | 145 |
| Tree of Ages | 1 | 320 | / | 180 |
| Tree of Eternity | 1 | 330 | / | 200 |
| total: | 14 | 2330g | / | 885w |
| 0:05 | Wisp |
| 0:05 | Wisp |
| 0:05 | Wisp |
| 0:05 | Wisp |
| 0:05 | Wisp |
| 0:05 | Wisp |
| 0:05 | Wisp |
| 0:18 | Moon Well |
| 0:40 | Altar of Elders |
| 0:52 | Ancient of War |
| 1:29 | Moon Well |
| 1:34 | Wisp |
| 1:34 | Wisp |
| 1:34 | Wisp |
| 1:37 | Wisp |
| 1:57 | Archer |
| 2:16 | Hunter's Hall |
| 2:30 | Moon Well |
| 2:42 | Trueshot Aura |
| 2:44 | Archer |
| 3:00 | Archer |
| 3:18 | Archer |
| 3:21 | Strength of the Moon |
| 3:37 | Ancient Protector |
| 4:10 | Moon Well |
| 4:15 | Huntress |
| 4:41 | Moon Armor |
| 4:45 | Tree of Ages |
| 5:19 | Sentinel |
| 5:20 | Huntress |
| 5:20 | Huntress |
| 5:47 | Ancient of Wonders |
| 5:53 | Improved Moon Armor |
| 6:08 | Huntress |
| 6:08 | Huntress |
| 6:41 | Searing Arrows |
| 6:58 | Goblin Shredder |
| 7:06 | Improved Strength of the Moon |
| 7:07 | Advanced Moon Armor |
| 8:07 | Moon Glaive |
| 8:12 | Wisp |
| 8:12 | Wisp |
| 8:13 | Wisp |
| 8:24 | Ancient of Wind |
| 8:31 | Ancient of Lore |
| 8:58 | Improved Bows |
| 9:31 | Hippogryph |
| 9:31 | Hippogryph |
| 9:31 | Hippogryph |
| 9:49 | Immolation |
| 11:50 | Strength of the Wild |
| 11:50 | Reinforced Hides |
| 11:51 | Tree of Eternity |
| 11:53 | Hippogryph |
| 11:53 | Hippogryph |
| 11:55 | Hippogryph |
| 11:55 | Hippogryph |
| 12:07 | Moon Well |
| 12:08 | Moon Well |
| 12:10 | Moon Well |
| 13:42 | Archer |
| 13:42 | Archer |
| 13:44 | Archer |
| Right click | 203 |
| Select | 170 |
| Select group | 107 |
| Build/train/purchase | 58 |
| Chat | 37 |
| Assign group | 16 |
| Use ability | 7 |
| Item give/drop | 1 |
| Remove unit | 1 |
| Esc | 1 |
| Minimap ping | 1 |
86 units @ 12.1k
/ 1.2k
50 buildings @ 8.2k
/ 2.4k

| Acolyte | 8 | 600 | / | 0 |
| Ghoul | 12 | 1440 | / | 0 |
| Crypt Fiend | 5 | 1075 | / | 200 |
| Goblin Zeppelin | 1 | 240 | / | 60 |
| total: | 26 | 3355g | / | 260w |
| Spirit Tower | 1 | 145 | / | 40 |
| Ziggurat | 6 | 900 | / | 300 |
| Altar of Darkness | 1 | 180 | / | 50 |
| Crypt | 1 | 200 | / | 50 |
| Graveyard | 1 | 215 | / | 0 |
| Tomb of Relics | 1 | 130 | / | 30 |
| Halls of the Dead | 1 | 320 | / | 210 |
| total: | 10 | 1625g | / | 430w |
| 0:09 | Ziggurat |
| 0:14 | Altar of Darkness |
| 0:17 | Crypt |
| 0:30 | Acolyte |
| 0:46 | Acolyte |
| 0:53 | Acolyte |
| 1:25 | Ghoul |
| 1:25 | Ghoul |
| 1:37 | Ziggurat |
| 1:52 | Ghoul |
| 2:03 | Ghoul |
| 2:29 | Ziggurat |
| 2:47 | Graveyard |
| 2:49 | Ghoul |
| 2:56 | Death Coil |
| 3:00 | Ghoul |
| 3:13 | Ghoul |
| 3:25 | Ghoul |
| 3:51 | Ghoul |
| 3:52 | Ghoul |
| 4:02 | Tomb of Relics |
| 4:33 | Ghoul |
| 4:33 | Ghoul |
| 4:45 | Ziggurat |
| 5:28 | Unholy Aura |
| 5:36 | Crypt Fiend |
| 5:37 | Crypt Fiend |
| 5:58 | Ziggurat |
| 6:04 | Unholy Strength |
| 6:05 | Unholy Armor |
| 6:46 | Halls of the Dead |
| 6:48 | Crypt Fiend |
| 7:16 | Ziggurat |
| 7:45 | Crypt Fiend |
| 7:46 | Crypt Fiend |
| 8:09 | Goblin Zeppelin |
| 8:58 | Creature Attack |
| 8:58 | Creature Carapace |
| 10:02 | Unholy Aura |
| 10:35 | Spirit Tower |
| 10:41 | Acolyte |
| 10:41 | Acolyte |
| 10:47 | Acolyte |
| 10:47 | Acolyte |
| 10:47 | Acolyte |
| 12:12 | Death Coil |
| Select | 141 |
| Chat | 106 |
| Right click | 96 |
| Build/train/purchase | 38 |
| Misc. action | 29 |
| Use ability | 12 |
| Remove unit | 1 |

| Healing Salve | 2 | 200 |
| Lesser Clarity Potion | 4 | 280 |
| Circlet of Nobility | 2 | 350 |
| total: | 8 | 830g |
| Peon | 9 | 675 | / | 0 |
| Grunt | 3 | 600 | / | 0 |
| Wind Rider | 10 | 2650 | / | 400 |
| total: | 22 | 3925g | / | 400w |
| Watch Tower | 1 | 110 | / | 80 |
| Altar of Storms | 1 | 180 | / | 50 |
| Orc Burrow | 7 | 1120 | / | 280 |
| Barracks | 1 | 180 | / | 50 |
| Voodoo Lounge | 1 | 130 | / | 30 |
| War Mill | 1 | 205 | / | 0 |
| Beastiary | 1 | 145 | / | 140 |
| Stronghold | 1 | 315 | / | 190 |
| total: | 13 | 2070g | / | 630w |
| 0:03 | Altar of Storms |
| 0:05 | Peon |
| 0:09 | Orc Burrow |
| 0:13 | Peon |
| 0:30 | Barracks |
| 0:44 | Peon |
| 0:54 | Peon |
| 1:14 | Peon |
| 1:14 | Peon |
| 1:24 | Peon |
| 1:41 | Orc Burrow |
| 2:00 | Grunt |
| 2:16 | Wind Walk |
| 3:21 | Voodoo Lounge |
| 3:22 | Grunt |
| 3:22 | Grunt |
| 3:25 | Stronghold |
| 3:46 | Orc Burrow |
| 5:11 | Critical Strike |
| 5:54 | Healing Salve |
| 5:55 | Lesser Clarity Potion |
| 6:08 | Beastiary |
| 6:11 | Berserker Strength |
| 6:23 | Peon |
| 6:23 | Peon |
| 6:30 | Orc Burrow |
| 7:14 | Wind Rider |
| 7:23 | War Mill |
| 7:39 | Wind Rider |
| 8:03 | Circlet of Nobility |
| 8:11 | Wind Rider |
| 8:20 | Orc Burrow |
| 9:01 | Steel Ranged Weapons |
| 9:01 | Steel Armor |
| 9:07 | Lesser Clarity Potion |
| 9:15 | Wind Rider |
| 9:15 | Wind Rider |
| 9:25 | Orc Burrow |
| 10:05 | Circlet of Nobility |
| 10:21 | Watch Tower |
| 10:28 | Lesser Clarity Potion |
| 10:40 | Wind Rider |
| 11:12 | Wind Walk |
| 11:22 | Lesser Clarity Potion |
| 11:24 | Healing Salve |
| 11:31 | Wind Rider |
| 11:38 | Orc Burrow |
| 11:41 | Thorium Ranged Weapons |
| 13:03 | Wind Rider |
| 13:03 | Wind Rider |
| 13:03 | Wind Rider |
| Right click | 457 |
| Select | 172 |
| Select group | 68 |
| Build/train/purchase | 62 |
| Assign group | 32 |
| Chat | 18 |
| Use ability | 5 |
| Minimap ping | 1 |

| Lesser Clarity Potion | 2 | 140 |
| total: | 2 | 140g |
| Acolyte | 10 | 750 | / | 0 |
| Ghoul | 4 | 480 | / | 0 |
| Crypt Fiend | 5 | 1075 | / | 200 |
| Goblin Zeppelin | 1 | 240 | / | 60 |
| total: | 20 | 2545g | / | 260w |
| Nerubian Tower | 1 | 100 | / | 20 |
| Spirit Tower | 3 | 435 | / | 120 |
| Ziggurat | 6 | 900 | / | 300 |
| Altar of Darkness | 1 | 180 | / | 50 |
| Crypt | 3 | 600 | / | 150 |
| Graveyard | 1 | 215 | / | 0 |
| Tomb of Relics | 1 | 130 | / | 30 |
| Necropolis | 2 | 450 | / | 0 |
| Halls of the Dead | 1 | 320 | / | 210 |
| total: | 14 | 2475g | / | 530w |
| 0:03 | Acolyte |
| 0:03 | Acolyte |
| 0:06 | Ziggurat |
| 0:12 | Altar of Darkness |
| 0:14 | Ziggurat |
| 0:34 | Crypt |
| 0:54 | Ziggurat |
| 0:58 | Ziggurat |
| 1:13 | Graveyard |
| 1:24 | Nerubian Tower |
| 1:39 | Ghoul |
| 1:48 | Ghoul |
| 2:01 | Tomb of Relics |
| 2:12 | Death Coil |
| 2:19 | Ghoul |
| 2:32 | Ghoul |
| 2:49 | Creature Attack |
| 3:03 | Crypt Fiend |
| 3:27 | Crypt Fiend |
| 4:12 | Crypt Fiend |
| 4:18 | Crypt |
| 4:21 | Ziggurat |
| 4:25 | Ziggurat |
| 4:47 | Crypt |
| 4:53 | Creature Carapace |
| 5:09 | Spirit Tower |
| 5:34 | Lesser Clarity Potion |
| 6:01 | Crypt Fiend |
| 6:23 | Unholy Aura |
| 6:35 | Acolyte |
| 6:35 | Acolyte |
| 6:36 | Acolyte |
| 6:36 | Acolyte |
| 6:36 | Acolyte |
| 7:16 | Acolyte |
| 7:16 | Acolyte |
| 7:16 | Acolyte |
| 7:21 | Necropolis |
| 7:57 | Halls of the Dead |
| 8:08 | Crypt Fiend |
| 8:59 | Necropolis |
| 9:20 | Spirit Tower |
| 9:24 | Lesser Clarity Potion |
| 9:43 | Goblin Zeppelin |
| 10:18 | Unholy Aura |
| Select group | 197 |
| Right click | 187 |
| Chat | 131 |
| Select | 120 |
| Misc. action | 80 |
| Assign group | 76 |
| Use ability | 43 |
| Build/train/purchase | 38 |
| Item give/drop | 5 |
| Remove unit | 4 |
| Esc | 2 |
| Minimap ping | 1 |

| Lesser Clarity Potion | 1 | 70 |
| Healing Salve | 2 | 200 |
| Orb of Lightning | 1 | 375 |
| Scroll of Town Portal | 1 | 350 |
| total: | 5 | 995g |
| Peon | 7 | 525 | / | 0 |
| Troll Headhunter | 7 | 980 | / | 140 |
| Troll Berserker | 2 | 280 | / | 40 |
| Tauren | 1 | 280 | / | 80 |
| Forest Troll Shadow Priest | 1 | 195 | / | 10 |
| total: | 18 | 2260g | / | 270w |
| Orc Burrow | 6 | 960 | / | 240 |
| Altar of Storms | 1 | 180 | / | 50 |
| War Mill | 1 | 205 | / | 0 |
| Barracks | 1 | 180 | / | 50 |
| Voodoo Lounge | 1 | 130 | / | 30 |
| Spirit Lodge | 1 | 150 | / | 150 |
| Tauren Totem | 2 | 270 | / | 310 |
| Stronghold | 1 | 315 | / | 190 |
| Fortress | 1 | 325 | / | 190 |
| total: | 13 | 2075g | / | 830w |
| 0:03 | Peon |
| 0:03 | Peon |
| 0:03 | Peon |
| 0:21 | Orc Burrow |
| 0:36 | Altar of Storms |
| 0:47 | Peon |
| 0:51 | War Mill |
| 1:02 | Peon |
| 1:05 | Barracks |
| 1:18 | Peon |
| 1:31 | Peon |
| 1:55 | Orc Burrow |
| 2:05 | Voodoo Lounge |
| 2:11 | Troll Headhunter |
| 2:48 | War Stomp |
| 2:51 | Troll Headhunter |
| 3:04 | Troll Headhunter |
| 3:30 | Troll Headhunter |
| 3:38 | Orc Burrow |
| 3:49 | Stronghold |
| 3:55 | Lesser Clarity Potion |
| 3:56 | Healing Salve |
| 4:00 | Troll Headhunter |
| 4:35 | Endurance Aura |
| 5:38 | Orc Burrow |
| 5:39 | Troll Headhunter |
| 5:41 | Steel Armor |
| 5:54 | Spiked Barricades |
| 6:41 | Fortress |
| 6:43 | Troll Regeneration |
| 6:45 | Orc Burrow |
| 6:48 | Orc Burrow |
| 6:52 | Spirit Lodge |
| 7:02 | Healing Salve |
| 8:36 | War Stomp |
| 8:59 | Forest Troll Shadow Priest |
| 9:13 | Berserker Upgrade |
| 9:15 | Shaman Adept Training |
| 9:21 | Tauren Totem |
| 9:26 | Tauren Totem |
| 9:32 | Troll Headhunter |
| 9:33 | Improved Spiked Barricades |
| 10:44 | Shaman Master Training |
| 10:48 | Troll Berserker |
| 11:42 | Reinforced Defenses |
| 12:08 | Troll Berserker |
| 12:38 | Tauren |
| 12:56 | Scroll of Town Portal |
| 12:58 | Orb of Lightning |
| Right click | 705 |
| Select | 167 |
| Select group | 129 |
| Build/train/purchase | 48 |
| Assign group | 10 |
| Use ability | 8 |
| Minimap ping | 4 |
| Misc. action | 3 |
| Item give/drop | 2 |
⇛